 Dungeon Crawl Stone Soup version 0.25.1-2-g60ff931df9 (webtiles) character file.

Game seed: 14469560557933307864

4789 DildoBatman the Covered (level 10, -1/83 HPs)
             Began as a Formicid Wizard on Aug 31, 2020.
             Was a Believer of Kikubaaqudgha.
             Slain by a killer bee (9 damage)
             ... on level 10 of the Dungeon.
             The game lasted 00:40:36 (11001 turns).

DildoBatman the Covered (Formicid Wizard)          Turns: 11001, Time: 00:40:37

Health: -1/83      AC:  2    Str: 11    XL:     10   Next: 76%
Magic:  9/16       EV: 19    Int: 22    God:    Kikubaaqudgha [**....]
Gold:   494        SH:  4    Dex: 13    Spells: 10/17 levels left

rFire    . . .     SeeInvis +   a - +1 dagger (venom)
rCold    . . .     Gourm    .   I - +0 buckler
rNeg     + . .     Faith    .   m - +0 robe
rPois    .         Spirit   .   (helmet unavailable)
rElec    .         Reflect  .   (no cloak)
rCorr    .         Harm     .   (no gloves)
MR       +....                  (no boots)
Stlth    ++........             (no amulet)
HPRegen  0.23/turn              p - ring of positive energy
MPRegen  0.15/turn              s - +4 ring of evasion

@: lethally poisoned (-1 -> -7)
A: permanent stasis, dig shafts and tunnels, four strong arms, antennae 3,
talons 1, agile 2, robust 1
a: Dig, Shaft Self, Receive Corpses, Renounce Religion


You were on level 10 of the Dungeon.
You worshipped Kikubaaqudgha.
Kikubaaqudgha was pleased with you.
You were very hungry.

You visited 2 branches of the dungeon, and saw 11 of its levels.

You collected 494 gold pieces.

Inventory:

Hand Weapons
 a - a +1 dagger of venom (weapon)
 b - a +1 flail of protection
 c - a +0 hunting sling
 d - a +2 flail of freezing
 e - a +0 vorpal spear
 x - a +2 halberd of venom
Missiles
 g - 28 poisoned darts
 h - 116 arrows
 o - 58 bolts
 r - 324 stones
 D - 15 javelins (quivered)
 J - 5 silver javelins
 P - 14 sling bullets
Armour
 m - a +0 robe (worn)
 I - a +0 buckler (worn)
 N - a +2 scale mail of fire resistance
Jewellery
 p - a ring of positive energy (left hand)
 s - a +4 ring of evasion (right hand)
 w - an uncursed ring of resist corrosion
 y - an uncursed ring of flight {unknown}
 K - an uncursed amulet of reflection {unknown}
 S - an uncursed ring of protection from fire {unknown}
Wands
 L - a wand of flame (14)
Scrolls
 k - a scroll of noise
 l - a scroll of holy word {unknown}
 q - 6 scrolls of enchant armour
 z - a scroll of identify
 A - 6 scrolls of enchant weapon
 B - 2 scrolls of amnesia
 F - a scroll of fog
 R - a scroll of silence {unknown}
 T - a scroll of random uselessness {unknown}
Potions
 f - 4 potions of might
 j - 3 potions of magic {unknown}
 n - 3 potions of flight
 t - a potion of haste {unknown}
 u - 3 potions of lignification {unknown}
 C - a potion of ambrosia {unknown}
 E - 2 potions of mutation
 G - a potion of degeneration {unknown}
 H - a potion of invisibility {unknown}
 M - 3 potions of curing
 O - a potion of stabbing {unknown}
 Q - 3 potions of heal wounds {unknown}
Comestibles
 v - 14 rations


   Skills:
 * Level 6.2 Fighting
 * Level 6.2 Armour
 * Level 5.6 Dodging
 - Level 2.4 Stealth
 - Level 3.0 Shields
 * Level 4.0 Spellcasting
 - Level 6.0 Conjurations
   Level 1.0 Summonings
 * Level 1.9 Necromancy
   Level 0.8 Translocations
 - Level 5.0 Fire Magic
 - Level 5.0 Air Magic


You had 10 spell levels left.
You knew the following spells:

 Your Spells              Type           Power        Failure   Level  Hunger
a - Conjure Flame         Conj/Fire      ####....     3%          3    ###....
c - Magic Dart            Conj           ####         1%          1    None
e - Mephitic Cloud        Conj/Pois/Air  ###.....     8%          3    ###....

Your spell library contained the following spells:

 Spells                   Type           Power        Failure   Level  Hunger
 Animate Skeleton         Necr           N/A          4%          1    None
 Pain                     Necr           ##..         4%          1    None
 Corpse Rot               Necr/Air       N/A          4%          2    #......
 Summon Small Mammal      Summ           #...         8%          1    None
 Sublimation of Blood     Necr           ##........   8%          2    #......
 Call Imp                 Summ           #.......     11%         2    #......
 Vampiric Draining        Necr           ##........   16%         3    ###....
 Slow                     Hex            #.......     17%         2    #......
 Call Canine Familiar     Summ           #.......     22%         3    ###....
 Summon Guardian Golem    Hex/Summ       #.......     26%         3    ###....
 Summon Lightning Spire   Summ/Air       ###.....     32%         4    ####...
 Animate Dead             Necr           N/A          45%         4    ####...
 Summon Ice Beast         Ice/Summ       #.......     65%         4    ####...
 Agony                    Necr           ##......     80%         5    ######.
 Blink                    Tloc           Unusable     N/A         2    N/A

Dungeon Overview and Level Annotations

Branches:
Dungeon (10/15)            Temple (1/1) D:7            Lair (0/6) D:8
    Orc: D:9-12

Altars:
Ashenzari
Cheibriados
Dithmenos
Elyvilon
Fedhas
Gozag
Hepliaklqana
Kikubaaqudgha
Makhleb
Nemelex Xobeh
Okawaru
Qazlal
Ru
Sif Muna
Trog
Uskayaw
Vehumet
Wu Jian
Xom
Yredelemnul
Zin
The Shining One

Shops:
D:8 [   D:9 :

Annotations:
D:2 exclusion: diamond obelisk


Innate Abilities, Weirdness & Mutations

You cannot be hasted, slowed, berserked, paralysed or teleported.
You can dig through walls and to a lower floor.
Your four strong arms can wield two-handed weapons with a shield.
You have a pair of large antennae on your head. (SInv)
You have sharp toenails.
You are very agile. (Dex +4)
You are robust. (+10% HP)


Message History

You extend your mandibles.
You dig through the rock wall.
The killer bee completely misses you.
You dig through the rock wall.
You feel sick. The killer bee misses you. The killer bee stings you.
You are more poisoned.
The killer bee poisons you!
You retract your mandibles.
You miss the killer bee. You claw the killer bee.
You kill the killer bee!
Kikubaaqudgha accepts your kill.
You float gracefully downwards.
You feel sick.
A killer bee comes into view.
The killer bee stings you!
You die...
Kikubaaqudgha rasps: "You have failed me!
Welcome... death!"

#..# #..# #..# #####
#..# ##y#.###..#
#@#.#"##..#
#####†##..#
#######.†.....#
#.......#####{#######
#.####<.# #......(.
#...#####..######
##.......{.......
#.####..#####..#####.
#...y).........#


You could see a killer bee.

Vanquished Creatures
  Joseph (D:10)
  A queen bee (D:10)
  A hornet (D:8)
  2 water moccasins
  Edmund (D:2)
  2 porcupines (D:8)
  An orc warrior (D:8)
  2 sky beasts
  An ice beast (D:9)
  7 ogres
  2 phantoms
  3 centaurs
  6 bullfrogs
  A scorpion (D:8)
  7 killer bees (D:10)
  4 wights (D:9)
  7 crimson imps
  A centaur zombie (D:8)
  7 hounds
  An orc priest (D:8)
  A jelly (D:10)
  2 orc wizards
  2 bullfrog skeletons
  5 iguanas
  10 worker ants
  2 worker ant zombies (D:6)
  3 gnolls (D:4)
  10 adders
  A shadow imp (D:7)
  An ooze (D:2)
  2 adder skeletons
  2 adder zombies
  A worm (D:2)
  2 dart slugs
  4 leopard geckos
  14 orcs
  5 giant cockroaches
  9 hobgoblins
  11 jackals
  10 kobolds
  6 quokkas
  4 ball pythons
  5 bats
  8 frilled lizards
  10 goblins
  8 rats
196 creatures vanquished.

Vanquished Creatures (others)
  2 fungi (D:8)
2 creatures vanquished.

Grand Total: 198 creatures vanquished

Notes
Turn   | Place    | Note
-------+----------+-------------------------------------------
     0 | D:1      | DildoBatman the Formicid Wizard began the quest for the
                  | Orb.
     0 | D:1      | Reached XP level 1. HP: 13/13 MP: 4/4
    48 | D:1      | Reached skill level 1 in Conjurations
   240 | D:1      | You fall into a shaft and drop 1 floor!
   310 | D:2      | Reached XP level 2. HP: 19/19 MP: 0/6
   896 | D:1      | Reached XP level 3. HP: 24/24 MP: 7/7
   955 | D:1      | Learned a level 3 spell: Conjure Flame
   959 | D:1      | Learned a level 3 spell: Mephitic Cloud
  1332 | D:2      | Found a burning altar of Makhleb.
  1567 | D:2      | Found a white marble altar of Elyvilon.
  1651 | D:2      | Reached XP level 4. HP: 24/30 MP: 1/8
  2002 | D:2      | Found a stormy altar of Qazlal.
  2655 | D:3      | Reached XP level 5. HP: 35/35 MP: 6/9
  2969 | D:3      | Noticed a centaur
  2977 | D:3      | Killed a centaur
  2977 | D:3      | Reached skill level 5 in Conjurations
  2977 | D:3      | Reached XP level 6. HP: 41/41 MP: 4/10
  3304 | D:4      | Noticed Edmund
  3559 | D:4      | Found a sparkling altar of Nemelex Xobeh.
  3590 | D:4      | Noticed a phantom
  3729 | D:4      | Reached XP level 7. HP: 30/46 MP: 6/11
  3962 | D:4      | Reached skill level 1 in Fire Magic
  3973 | D:4      | Reached skill level 1 in Air Magic
  4234 | D:5      | Entered Level 5 of the Dungeon
  4423 | D:5      | Found a shimmering altar of Xom.
  5100 | D:6      | Reached skill level 1 in Shields
  5399 | D:6      | Noticed a water moccasin
  5407 | D:6      | Killed a water moccasin
  5407 | D:6      | Reached XP level 8. HP: 23/52 MP: 0/12
  5882 | D:6      | Found a blossoming altar of Fedhas.
  6363 | D:6      | Found a shadowy altar of Dithmenos.
  6745 | D:7      | Found a staircase to the Ecumenical Temple.
  6754 | Temple   | Entered the Ecumenical Temple
  7002 | Temple   | Became a worshipper of Kikubaaqudgha
  7168 | D:6      | Reached skill level 5 in Fire Magic
  7272 | D:4      | Reached XP level 9. HP: 44/57 MP: 0/13
  7393 | D:2      | Killed Edmund
  7393 | D:2      | Reached skill level 5 in Air Magic
  7512 | D:7      | Reached skill level 1 in Fighting
  7512 | D:7      | Reached skill level 1 in Armour
  8159 | D:8      | Found a hazy altar of Hepliaklqana.
  8349 | D:8      | Noticed a hornet
  8359 | D:8      | Killed a hornet
  8689 | D:8      | Reached * piety under Kikubaaqudgha
  8689 | D:8      | Identified Kikubaaqudgha's Catalogue of Stolen Souls
                  | (Kikubaaqudgha gifted it to you on level 8 of the Dungeon)
  8689 | D:8      | Received a gift from Kikubaaqudgha
  8756 | D:8      | Reached XP level 10. HP: 42/73 MP: 0/14
  9024 | D:8      | Found Leap's Antique Armour Shoppe.
  9036 | D:8      | Found a glowing silver altar of Zin.
  9316 | D:8      | Found a staircase to the Lair.
  9515 | D:8      | Gained mutation: You are robust. (+10% HP) [potion of
                  | mutation]
  9515 | D:8      | Gained mutation: You are agile. (Dex +2) [potion of
                  | mutation]
  9515 | D:8      | Gained mutation: You have sharp toenails. [potion of
                  | mutation]
  9515 | D:8      | Gained mutation: You are very agile. (Dex +4) [potion of
                  | mutation]
  9600 | D:9      | Reached skill level 5 in Fighting
  9600 | D:9      | Reached skill level 5 in Armour
  9900 | D:8      | Reached skill level 5 in Dodging
 10036 | D:9      | Found Boliahuip's Book Boutique.
 10327 | D:9      | Found a basalt altar of Yredelemnul.
 10632 | D:9      | Found a bloodstained altar of Trog.
 10822 | D:10     | Entered Level 10 of the Dungeon
 10844 | D:10     | Noticed Joseph
 10863 | D:10     | Killed Joseph
 10863 | D:10     | Reached skill level 1 in Necromancy
 10876 | D:10     | Reached ** piety under Kikubaaqudgha
 11001 | D:10     | Slain by a killer bee

Illustrated notes

Levels and vault maps discovered:
D:1:      eino_arrival_druids_welcome, layout_basic
D:2:      minmay_recursive_quarters, layout_rooms,
          nicolae_qazlal_eye_of_the_storm, nicolae_overflow_hidden_temple,
          elyvilon_altar_3, kennysheep_crisscross
D:3:      layout_rooms, first_ration, hangedman_decor_riveting, st_stairs_9
D:4:      layout_basic, nemelex_xobeh_ov_fountains_minmay, uniq_edmund
D:5:      layout_layer_cave, nicolae_overflow_crystal_walls
D:6:      layout_loops_corners, fedhas_altar_4, kennysheep_mini
D:7:      layout_basic, minmay_temple_entry_waves
D:8:      layout_basic, lemuel_crystal_altar, zin_treasury,
          grunt_lair_entry_orc_guard_hut, serial_shops, nicolae_shop_trees
D:9:      layout_long_grid, lightli_temple_of_fire, serial_shops, shop,
          basic_altar
D:10:     layout_loops_ring, david_nohive_1, uniq_nergalle, uniq_joseph,
          uniq_erolcha
Temple:   hc_temple_tempest_star

Skill      XL: |  1  2  3  4  5  6  7  8  9 10 |
---------------+-------------------------------+-----
Conjurations   | 1 2 3 4 5 6 |  6.0
Fire Magic     | 3 5 |  5.0
Air Magic      | 2 4 5 |  5.0
Shields        | 2 3 |  3.0
Dodging        | 4 5 |  5.6
Fighting       | 4 6 |  6.2
Armour         | 4 6 |  6.2
Necromancy     | 1 |  1.9
Spellcasting   | 4 |  4.0
Stealth        | |  2.4
Summonings     | |  1.0
Translocations | |  0.8

Action                   |  1- 3 |  4- 6 |  7- 9 | 10-12 || total
-------------------------+-------+-------+-------+-------++-------
Melee: Dagger            |    22 |    39 |   151 |   130 ||   342
       Club              |     6 |       |       |       ||     6
       Spear             |       |    12 |    29 |    76 ||   117
       Flail             |       |       |    19 |     9 ||    28
       Kick              |       |       |       |    36 ||    36
       Battleaxe         |       |       |       |    21 ||    21
 Fire: Hunting sling     |       |       |       |    40 ||    40
Throw: Javelin           |     6 |       |    11 |       ||    17
 Cast: Magic Dart        |    73 |    84 |   185 |    61 ||   403
       Mephitic Cloud    |       |     3 |    10 |    14 ||    27
       Conjure Flame     |       |       |    15 |    17 ||    32
 Abil: Dig               |     4 |     5 |    10 |     9 ||    28
  Use: Scroll            |       |     5 |     6 |     4 ||    15
       Potion            |       |       |       |     3 ||     3
 Stab: Sleeping          |       |     4 |     2 |     3 ||     9
       Confused          |       |       |     2 |     9 ||    11
  Eat: Chunk             |     3 |     7 |    18 |     6 ||    34
       Ration            |       |       |       |     1 ||     1
Armor: Robe              |     4 |     3 |    18 |    10 ||    35
Dodge: Dodged            |    28 |    53 |   124 |   127 ||   332
Block: Buckler           |       |       |    16 |    37 ||    53
